[Event "Titled Tuesday Blitz May 9 Late 2023"]
[White "Naroditsky, Daniel"]
[Black "Bagrationi, Alexander"]
[WhiteFideId "2026961"]
[BlackFideId "14104954"]
[WhiteElo "2633"]
[BlackElo "2398"]
[Result "1-0"]
[Round "01"]
[TimeControl "180+2"]
[Date "2023.05.09"]
[WhiteClock "0:00:09"]
[BlackClock "0:00:00"]

1. d4 d5 2. Nc3 Nf6 3. Bf4 c5 4. e4 cxd4 5. Qxd4 Nc6 6. Bb5 Bd7 7. Bxc6 Bxc6 8. e5 Ne4 9. e6 Qb6 10. exf7+ Kxf7 11. Qxb6 axb6 12. Nxe4 dxe4 13. Ne2 e6 14. Be3 Bc5 15. a3 Bxe3 16. fxe3 e5 17. O-O-O Ke6 18. Rhf1 Rhf8 19. Ng3 g6 20. Rxf8 Rxf8 21. Rf1 Rxf1+ 22. Nxf1 h5 23. Kd2 h4 24. c4 b5 25. Kc3 bxc4 26. Kxc4 g5 27. Nd2 Kf5 28. Kc5 Kg4 29. b3 Kf5 30. a4 Ke6 31. a5 Bd5 32. b4 Bc6 33. b5 Bd5 34. b6 g4 35. g3 h3 36. Nc4 1-0


[Site "https://www.chess.com"]

[Event "Titled Tuesday Blitz May 9 Late 2023"]
[White "Dragomirescu, Robin-Alexandru"]
[Black "Carlsen, Magnus"]
[WhiteFideId "1213849"]
[BlackFideId "1503014"]
[WhiteElo "2356"]
[BlackElo "2852"]
[Result "0-1"]
[Round "01"]
[TimeControl "180+2"]
[Date "2023.05.09"]
[WhiteClock "0:00:01"]
[BlackClock "0:02:08"]

1. b3 a5 2. Nc3 d5 3. d4 Nf6 4. Nf3 Bf5 5. Bf4 e6 6. a3 h6 7. h3 Ne4 8. Nxe4 dxe4 9. Ne5 g5 10. Bh2 e3 11. fxe3 Bd6 12. c4 Be4 13. Nf3 Bxh2 14. Nxh2 Qd6 15. Nf3 Nd7 16. Kf2 f5 17. g4 Rf8 18. Rg1 O-O-O 19. c5 Qd5 20. b4 Nf6 21. Ne5 fxg4 22. Ke1 gxh3 23. Bxh3 Nd7 24. Nxd7 Rxd7 25. Qa4 h5 26. Qxa5 Kb8 27. b5 g4 28. b6 cxb6 29. Qxb6 gxh3 0-1


[Site "https://www.chess.com"]

[Event "Titled Tuesday Blitz May 9 Late 2023"]
[White "Nakamura, Hikaru"]
[Black "Cruz, William Ferreira Da"]
[WhiteFideId "2016192"]
[BlackFideId "2118050"]
[WhiteElo "2885"]
[BlackElo "2223"]
[Result "1-0"]
[Round "01"]
[TimeControl "180+2"]
[Date "2023.05.09"]
[WhiteClock "0:02:14"]
[BlackClock "0:00:00"]

1. Nf3 Nf6 2. b3 g6 3. Bb2 Bg7 4. d4 d6 5. e3 O-O 6. Be2 e5 7. dxe5 Ng4 8. c4 Nc6 9. O-O Ngxe5 10. Nc3 Re8 11. Qd2 Nxf3+ 12. Bxf3 Ne5 13. Be2 Be6 14. Nd5 c6 15. Nc3 Qc7 16. Rfd1 Rad8 17. Rac1 Qb8 18. h3 d5 19. cxd5 Bxd5 20. Nxd5 Rxd5 21. Qc2 Red8 22. Bd4 g5 23. b4 Ng6 24. Bc4 R5d7 25. Qf5 Bxd4 26. Rxd4 Qc7 27. Rxd7 Qxd7 28. Qxg5 Qd2 29. Rf1 Rd7 30. Qg4 Kg7 31. Bb3 Re7 32. Rd1 Qc3 33. h4 Kf8 34. h5 Ne5 35. Rd8+ Re8 36. Rxe8+ Kxe8 37. Qf5 Qa1+ 38. Kh2 Ke7 39. f4 1-0


[Site "https://www.chess.com"]

[Event "Titled Tuesday Blitz May 9 Late 2023"]
[White "Huber, Benedikt"]
[Black "Bluebaum, Matthias"]
[WhiteFideId "12923583"]
[BlackFideId "24651516"]
[WhiteElo "2215"]
[BlackElo "2639"]
[Result "1/2-1/2"]
[Round "01"]
[TimeControl "180+2"]
[Date "2023.05.09"]
[WhiteClock "0:00:20"]
[BlackClock "0:00:15"]

1. d4 d5 2. Nc3 e6 3. Bf4 c5 4. e3 a6 5. Nf3 Nc6 6. Be2 Nf6 7. O-O b5 8. a3 Bb7 9. Ne5 Bd6 10. Nxc6 Bxc6 11. Bxd6 Qxd6 12. Bf3 O-O 13. Qe2 e5 14. dxe5 Qxe5 15. Rfd1 Rfe8 16. g3 Rad8 17. a4 b4 18. Qxa6 Re6 19. Ne2 Qxb2 20. Qb6 Rc8 21. Qxc5 Bd7 22. Qd4 Rxc2 23. Qxb2 Rxb2 24. Rab1 Bxa4 25. Rxb2 Bxd1 26. Rxb4 g5 27. Nd4 Bxf3 28. Nxf3 h6 29. Nd4 Ra6 30. Rb8+ Kh7 31. Kg2 Kg6 32. h3 Ra2 33. Rc8 Ne4 34. Rc2 Ra3 35. Rc6+ f6 36. g4 Ra2 37. Rc2 Rxc2 38. Nxc2 f5 39. Nb4 Nf6 40. Kf3 h5 41. gxh5+ Kxh5 42. Kg3 Kg6 43. Nc2 Ne4+ 44. Kg2 Kf6 45. Kf3 Nd2+ 46. Kg2 Nb3 47. Nd4 Nxd4 48. exd4 f4 49. f3 Ke6 50. Kh2 Kd6 51. h4 gxh4 52. Kh3 Kc6 53. Kxh4 Kb5 54. Kg4 Kc4 55. Kxf4 Kxd4 56. Kg5 Ke3 57. f4 d4 58. f5 d3 59. f6 d2 60. f7 d1=Q 61. f8=Q Qg1+ 62. Kh5 Qh2+ 63. Kg5 Qg3+ 64. Kh6 Qh4+ 65. Kg7 Qg5+ 66. Kh8 Kd2 67. Qg7 Qd8+ 68. Qg8 Qh4+ 69. Qh7 Qd4+ 70. Qg7 Qe4 71. Qg8 Qf5 72. Qg7 Ke3 73. Qh7 Qa5 74. Qg7 Qa8+ 75. Qg8 Qxg8+ 76. Kxg8 1/2-1/2


[Site "https://www.chess.com"]

[Event "Titled Tuesday Blitz May 9 Late 2023"]
[White "Paravyan, David"]
[Black "Koc, Przemyslaw"]
[WhiteFideId "4194985"]
[BlackFideId "1109081"]
[WhiteElo "2563"]
[BlackElo "2161"]
[Result "1-0"]
[Round "01"]
[TimeControl "180+2"]
[Date "2023.05.09"]
[WhiteClock "0:01:34"]
[BlackClock "0:00:59"]

1. e4 e5 2. Nf3 Nf6 3. d4 Nxe4 4. dxe5 d5 5. Nbd2 Bf5 6. Nd4 Bg6 7. Nxe4 dxe4 8. Be3 Be7 9. h4 h5 10. Qd2 Nc6 11. O-O-O Nxd4 12. Bxd4 O-O 13. Bc4 c6 14. Kb1 b5 15. Be2 c5 16. Be3 c4 17. Qc1 Qc7 18. g4 hxg4 19. h5 Bh7 20. h6 g6 21. e6 f5 22. Rd7 1-0


[Site "https://www.chess.com"]

[Event "Titled Tuesday Blitz May 9 Late 2023"]
[White "Moore, Nicholas"]
[Black "Moussard, Jules"]
[WhiteFideId "4303709"]
[BlackFideId "642908"]
[WhiteElo "2499"]
[BlackElo "2610"]
[Result "0-1"]
[Round "01"]
[TimeControl "180+2"]
[Date "2023.05.09"]
[WhiteClock "0:00:04"]
[BlackClock "0:00:10"]

1. d4 d5 2. c4 e6 3. Nf3 a6 4. cxd5 exd5 5. Nc3 Nf6 6. Bg5 Be6 7. e3 Nbd7 8. Bd3 Bd6 9. O-O O-O 10. Qc2 Qb8 11. Bh4 c6 12. Bg3 h6 13. b4 Bxg3 14. hxg3 Qd6 15. Rab1 Rfc8 16. Na4 Bg4 17. Rfc1 Rc7 18. Nc5 Re8 19. Nd2 Nf8 20. a4 Bc8 21. a5 Rce7 22. Nf3 Ng4 23. Bf5 Ng6 24. Bxc8 Nxe3 25. fxe3 Rxc8 26. Qf2 Rce8 27. Rc3 Nf8 28. Ne5 f6 29. Nf3 Nh7 30. Re1 g5 31. Nd2 Kg7 32. Nf1 Nf8 33. Qf3 Ng6 34. Rc2 Rf7 35. Rf2 f5 36. g4 f4 37. e4 dxe4 38. Rxe4 Rfe7 39. Rfe2 Kf7 40. Qb3+ Kf6 41. Rxe7 Qxd4+ 42. Kh2 Rxe7 43. Re6+ Rxe6 44. Qxe6+ Kg7 45. Nd7 f3 46. Ng3 Qf4 47. Qf6+ Qxf6 48. Nh5+ Kf7 49. Ndxf6 f2 50. Ng3 Kxf6 51. Ne4+ Ke5 52. Nxf2 Kd4 53. Kg3 Ne5 54. Nh3 Kc4 55. Kf2 Kxb4 56. Ke3 Nxg4+ 57. Ke4 Kxa5 58. g3 b5 59. Kf5 Ne3+ 60. Kg6 b4 61. Kxh6 g4 62. Nf4 b3 63. Nd3 Kb5 64. Kg5 c5 65. Kf4 c4 66. Nc1 b2 67. Ne2 Nd1 68. Nd4+ Kb6 0-1


[Site "https://www.chess.com"]

[Event "Titled Tuesday Blitz May 9 Late 2023"]
[White "Kollars, Dmitrij"]
[Black "cristianserban1"]
[WhiteFideId "12909572"]
[WhiteElo "2584"]
[BlackElo "2499"]
[Result "1-0"]
[Round "01"]
[TimeControl "180+2"]
[Date "2023.05.09"]
[WhiteClock "0:01:20"]
[BlackClock "0:00:02"]

1. Nf3 d5 2. g3 Nf6 3. Bg2 c6 4. O-O Bf5 5. d3 h6 6. Nfd2 e6 7. e4 Bh7 8. Nc3 Be7 9. f4 O-O 10. a4 a5 11. Kh1 Qb6 12. Qe2 Rd8 13. Nb3 Nbd7 14. f5 d4 15. fxe6 fxe6 16. Nb1 e5 17. N1d2 Kh8 18. Nc4 Qc7 19. Bd2 b6 20. Bh3 Bg8 21. c3 Nc5 22. Nxc5 Bxc5 23. Bxh6 Bxc4 24. dxc4 d3 25. Qf3 Qf7 26. Bg5 Be7 27. Bf5 Qxc4 28. Bxf6 Bxf6 29. Qh5+ Kg8 30. g4 Rd6 31. g5 Bd8 32. Qh7+ 1-0


[Site "https://www.chess.com"]

[Event "Titled Tuesday Blitz May 9 Late 2023"]
[White "Santos Flores, Alberto"]
[Black "Bortnyk, Olexandr"]
[WhiteFideId "3601234"]
[BlackFideId "14120828"]
[WhiteElo "2235"]
[BlackElo "2734"]
[Result "0-1"]
[Round "01"]
[TimeControl "180+2"]
[Date "2023.05.09"]
[WhiteClock "0:00:07"]
[BlackClock "0:01:45"]

1. e4 Nf6 2. e5 Nd5 3. d4 d6 4. Bc4 Nb6 5. Bb3 Nc6 6. e6 fxe6 7. Nf3 g6 8. O-O Bg7 9. Re1 O-O 10. Bxe6+ Bxe6 11. Rxe6 Rxf3 12. Qxf3 Nxd4 13. Qe4 d5 14. Qe1 Nxc2 15. Qe2 Nxa1 16. Rxe7 Qd6 17. Nc3 Rf8 18. Nb5 Qc5 19. Bg5 d4 20. h4 Qf5 21. Nxc7 d3 22. Qd2 Bf6 23. Nd5 Nxd5 0-1


[Site "https://www.chess.com"]

[Event "Titled Tuesday Blitz May 9 Late 2023"]
[White "Andreikin, Dmitry"]
[Black "Tifferet, Shaked"]
[WhiteFideId "4158814"]
[BlackFideId "2811529"]
[WhiteElo "2736"]
[BlackElo "2142"]
[Result "1-0"]
[Round "01"]
[TimeControl "180+2"]
[Date "2023.05.09"]
[WhiteClock "0:01:48"]
[BlackClock "0:01:20"]

1. c4 e6 2. Nc3 d5 3. d4 Nf6 4. Bg5 c6 5. e3 Nbd7 6. Qc2 Be7 7. Nf3 b6 8. cxd5 cxd5 9. Ne5 Bb7 10. Bxf6 Nxf6 11. Bb5+ Kf8 12. O-O Rc8 13. Qa4 a6 14. Bxa6 Ra8 15. Bxb7 Rxa4 16. Nxa4 Bd6 17. Rfc1 Ne8 18. Rc8 Qe7 19. Bc6 1-0


[Site "https://www.chess.com"]

[Event "Titled Tuesday Blitz May 9 Late 2023"]
[White "Jovic, Stanoje"]
[Black "Martinez Alcantara, Jose Eduardo"]
[WhiteFideId "905020"]
[BlackFideId "3805662"]
[WhiteElo "2236"]
[BlackElo "2711"]
[Result "0-1"]
[Round "01"]
[TimeControl "180+2"]
[Date "2023.05.09"]
[WhiteClock "0:00:00"]
[BlackClock "0:01:05"]

1. c4 c5 2. g3 Nc6 3. Bg2 g6 4. Nc3 Bg7 5. Nf3 d6 6. O-O e6 7. e3 Nge7 8. d4 O-O 9. b3 cxd4 10. exd4 d5 11. c5 b6 12. cxb6 axb6 13. a4 Ba6 14. Re1 Nf5 15. Ba3 Re8 16. Ne5 Nfxd4 17. Nxc6 Nxc6 18. Rc1 Rc8 19. h4 h5 20. Ne2 Ne5 21. Nf4 Rxc1 22. Qxc1 Qc8 23. Qd2 d4 24. Rc1 Qd7 25. Kh1 Bb7 26. Qd1 Bxg2+ 27. Kxg2 Qb7+ 28. f3 Ng4 29. Qd3 e5 30. Nh3 Ne3+ 31. Kf2 e4 32. fxe4 Ng4+ 33. Kg1 Rxe4 0-1


[Site "https://www.chess.com"]

[Event "Titled Tuesday Blitz May 9 Late 2023"]
[White "Bortnyk, Mykola"]
[Black "Jonkman, Harmen"]
[WhiteFideId "14120836"]
[BlackFideId "1002708"]
[WhiteElo "2582"]
[BlackElo "2368"]
[Result "1-0"]
[Round "01"]
[TimeControl "180+2"]
[Date "2023.05.09"]
[WhiteClock "0:00:58"]
[BlackClock "0:00:00"]

1. e4 e6 2. Qe2 b6 3. g3 Bb7 4. Bg2 e5 5. d3 Nf6 6. f4 d6 7. Nf3 Nbd7 8. c4 g6 9. Nc3 Bg7 10. O-O O-O 11. Nh4 exf4 12. Bxf4 Nh5 13. Be3 Ne5 14. d4 Nc6 15. Rad1 Bc8 16. Nf5 Bxf5 17. exf5 Qd7 18. g4 Nf6 19. g5 Nh5 20. f6 Bh8 21. Bxc6 Qxc6 22. Nd5 Rfe8 23. Ne7+ Rxe7 24. fxe7 Re8 25. Qf3 Qxf3 26. Rxf3 Rxe7 27. b4 Ng7 28. Bf2 Nf5 29. Ra3 c6 30. d5 c5 31. bxc5 bxc5 32. Re1 Rb7 33. Re8+ Kg7 34. Rb3 1-0


[Site "https://www.chess.com"]

[Event "Titled Tuesday Blitz May 9 Late 2023"]
[White "Herman, Daniel"]
[Black "Abdrlauf, Elham"]
[WhiteFideId "30935008"]
[BlackFideId "1533533"]
[WhiteElo "1897"]
[BlackElo "2466"]
[Result "0-1"]
[Round "01"]
[TimeControl "180+2"]
[Date "2023.05.09"]
[WhiteClock "0:00:01"]
[BlackClock "0:00:03"]

1. c4 e6 2. d4 d5 3. Nc3 Nf6 4. cxd5 exd5 5. Bg5 c6 6. e3 Bd6 7. Bd3 O-O 8. Qc2 h6 9. Bh4 Re8 10. Nge2 a5 11. Bg3 Na6 12. a3 Nc7 13. O-O Ne6 14. Rab1 Bxg3 15. Nxg3 b6 16. Rbc1 Bb7 17. Rfd1 Rc8 18. Bf5 Qe7 19. Na4 Qd8 20. Qb3 b5 21. Nc5 Nxc5 22. Rxc5 Rc7 23. Rdc1 Rce7 24. Bb1 g6 25. Ne2 Nd7 26. R5c3 Nb6 27. Nf4 Qd6 28. Nd3 Nc4 29. Nc5 Bc8 30. Qd1 Nxb2 31. Qf3 Nc4 32. Bd3 h5 33. h3 Kg7 34. Bxc4 bxc4 35. Rb1 Bf5 36. Rb6 Rb8 37. Rxb8 Qxb8 38. Qd1 Qb2 39. Qc1 Qxc1+ 40. Rxc1 Re8 41. Kf1 Rb8 42. f3 g5 43. e4 Bg6 44. Kf2 Rb2+ 45. Kf1 f5 46. e5 f4 47. Ne6+ Kh6 48. Nd8 c5 49. dxc5 d4 50. c6 Rb8 51. c7 Rc8 52. Ne6 c3 53. Nxd4 Rxc7 54. Ne2 c2 55. Nd4 Rd7 56. Ne6 Rd1+ 0-1


[Site "https://www.chess.com"]

[Event "Titled Tuesday Blitz May 9 Late 2023"]
[White "Pranav, V"]
[Black "Yeritsyan, Hayk"]
[WhiteFideId "25060783"]
[BlackFideId "13307320"]
[WhiteElo "2515"]
[BlackElo "2489"]
[Result "1-0"]
[Round "01"]
[TimeControl "180+2"]
[Date "2023.05.09"]
[WhiteClock "0:01:13"]
[BlackClock "0:00:01"]

1. e4 c6 2. Nf3 d5 3. e5 c5 4. d4 Nc6 5. dxc5 Bg4 6. c3 e6 7. Bb5 Bxf3 8. Qxf3 Bxc5 9. Qg3 Ne7 10. Bg5 Nf5 11. Bxd8 Nxg3 12. hxg3 Kxd8 13. f4 g6 14. Nd2 Kc7 15. Nf3 Be7 16. Ke2 h5 17. Rac1 Kb6 18. c4 Nb4 19. a3 dxc4 20. Bxc4 Nc6 21. Bd3 Rhd8 22. Rc3 Nd4+ 23. Nxd4 Rxd4 24. Rb3+ Kc7 25. Rc1+ Kb8 26. Bb5 a6 27. Be8 Ra7 28. Bxf7 b5 29. Bxe6 Bd8 30. Rd3 Rxd3 31. Kxd3 Re7 32. Rc8+ Kb7 33. Rxd8 Rxe6 34. Ke4 Rc6 35. Rd2 Rc1 36. Kd5 Kb6 37. e6 Re1 38. Kd6 1-0


[Site "https://www.chess.com"]

[Event "Titled Tuesday Blitz May 9 Late 2023"]
[White "Moral Garcia, Serafin"]
[Black "Sargsyan, Shant"]
[WhiteFideId "2201925"]
[BlackFideId "13306766"]
[WhiteElo "2274"]
[BlackElo "2628"]
[Result "0-1"]
[Round "01"]
[TimeControl "180+2"]
[Date "2023.05.09"]
[WhiteClock "0:01:05"]
[BlackClock "0:01:49"]

1. c4 g6 2. Nc3 Bg7 3. g3 Nf6 4. Bg2 O-O 5. d3 c6 6. e4 d6 7. Nge2 a6 8. a4 a5 9. Be3 Na6 10. h3 Nb4 11. O-O Nd7 12. f4 f5 13. Qd2 Nc5 14. Nc1 Be6 15. e5 Bf7 16. d4 Ne4 17. Nxe4 fxe4 18. b3 d5 19. c5 b6 20. cxb6 Qxb6 21. Rf2 Be6 22. Bf1 Bc8 23. Na2 Nd3 24. Bxd3 exd3 25. Qxd3 Bxh3 26. Rc1 Rfc8 27. Rc3 Bf5 28. Qd2 e6 29. Rf1 Bf8 30. Rfc1 Rab8 31. Qf2 Ba3 32. Re1 Be7 33. Qb2 h5 34. Rec1 Kf7 35. Bd2 Qxd4+ 36. Be3 Qe4 37. Rxc6 Qxe3+ 0-1


[Site "https://www.chess.com"]

[Event "Titled Tuesday Blitz May 9 Late 2023"]
[White "Terry, Renato"]
[Black "Khandelwal, Ankush"]
[WhiteFideId "3803457"]
[BlackFideId "413470"]
[WhiteElo "2575"]
[BlackElo "2263"]
[Result "1-0"]
[Round "01"]
[TimeControl "180+2"]
[Date "2023.05.09"]
[WhiteClock "0:01:32"]
[BlackClock "0:00:00"]

1. e4 c5 2. Nf3 d6 3. Bb5+ Bd7 4. Bxd7+ Qxd7 5. O-O Nc6 6. c3 Nf6 7. d4 Nxe4 8. d5 Ne5 9. Re1 Nxf3+ 10. Qxf3 Nf6 11. c4 e5 12. dxe6 fxe6 13. Nc3 Be7 14. Qh3 e5 15. Qd3 O-O 16. Bg5 Ng4 17. Bxe7 Qxe7 18. Ne4 Rf4 19. Rad1 Raf8 20. f3 Nf6 21. Qxd6 Qf7 22. Ng5 Qxc4 23. Ne6 Ne8 24. Qd5 1-0


[Site "https://www.chess.com"]

[Event "Titled Tuesday Blitz May 9 Late 2023"]
[White "Remolar Gallen, Jose"]
[Black "Matlakov, Maxim"]
[WhiteFideId "2215187"]
[BlackFideId "4168003"]
[WhiteElo "2223"]
[BlackElo "2666"]
[Result "0-1"]
[Round "01"]
[TimeControl "180+2"]
[Date "2023.05.09"]
[WhiteClock "0:00:00"]
[BlackClock "0:00:26"]

1. e4 c5 2. Nf3 Nc6 3. Bb5 d6 4. O-O Bd7 5. Re1 Nf6 6. c3 a6 7. Bf1 Bg4 8. h3 Bxf3 9. Qxf3 e6 10. d3 Be7 11. Be3 O-O 12. d4 d5 13. e5 Nd7 14. Qg3 Re8 15. Nd2 Qb6 16. Rab1 cxd4 17. cxd4 Rac8 18. b4 a5 19. b5 Nb4 20. Nf3 Nxa2 21. Rb2 Nc3 22. Bd3 a4 23. Bh6 Bf8 24. Ng5 Ne4 25. Bxe4 dxe4 26. Nxe4 a3 27. Rd2 Qd8 28. Re3 f5 29. exf6 Nxf6 30. Bg5 Nxe4 31. Rxe4 Qd5 32. Rg4 a2 33. Rd1 Ra8 34. Bf6 Qd7 35. d5 exd5 36. Bd4 Re4 37. f4 Rxd4 0-1


[Site "https://www.chess.com"]

[Event "Titled Tuesday Blitz May 9 Late 2023"]
[White "Sarana, Alexey"]
[Black "TheKnightOfBosnia"]
[WhiteFideId "24133795"]
[WhiteElo "2714"]
[BlackElo "2484"]
[Result "1-0"]
[Round "01"]
[TimeControl "180+2"]
[Date "2023.05.09"]
[WhiteClock "0:01:22"]
[BlackClock "0:00:12"]

1. d4 Nf6 2. c4 e6 3. Nc3 d5 4. Nf3 Be7 5. g3 O-O 6. Bg2 Nc6 7. e3 a6 8. b3 Bb4 9. Bd2 b6 10. O-O Bb7 11. Qc2 Rc8 12. cxd5 exd5 13. Rfd1 Qe7 14. Ne2 Bd6 15. Nf4 Nb4 16. Qb2 Ne4 17. Be1 a5 18. a3 Na6 19. Ne5 Bxe5 20. dxe5 Rfd8 21. b4 axb4 22. axb4 c5 23. bxc5 bxc5 24. Nxd5 Bxd5 25. Rxa6 Rb8 26. Qa1 g6 27. Rxd5 Rxd5 28. Bxe4 Rxe5 29. Ra7 Rxe4 30. Rxe7 Rxe7 31. Kg2 c4 32. Bc3 f5 33. Qa6 1-0


[Site "https://www.chess.com"]

[Event "Titled Tuesday Blitz May 9 Late 2023"]
[White "Gurevich, Dmitry"]
[Black "Tang, Andrew"]
[WhiteFideId "2000407"]
[BlackFideId "2059630"]
[WhiteElo "2506"]
[BlackElo "2596"]
[Result "0-1"]
[Round "01"]
[TimeControl "180+2"]
[Date "2023.05.09"]
[WhiteClock "0:00:00"]
[BlackClock "0:00:05"]

1. d4 d5 2. c4 e6 3. Nc3 Be7 4. Nf3 Nf6 5. Bf4 O-O 6. e3 b6 7. cxd5 Nxd5 8. Nxd5 exd5 9. Bd3 c5 10. O-O c4 11. Bc2 b5 12. Ne5 Be6 13. b3 Qb6 14. a4 Nc6 15. Nxc6 Qxc6 16. axb5 Qxb5 17. bxc4 dxc4 18. Qf3 a5 19. Rfb1 Bb4 20. Bd6 Bd5 21. Be4 Bxe4 22. Qxe4 Rfe8 23. Qf3 Rac8 24. Qd1 c3 25. Qc2 Qc4 26. Bg3 h5 27. h4 Rc6 28. Rd1 Rg6 29. e4 Rg4 30. e5 Rxd4 31. Rxd4 Qxd4 32. Rd1 Qc4 33. Kh2 Ra8 34. Rd7 a4 35. e6 Qxe6 36. Rb7 a3 37. Rxb4 a2 38. Ra4 a1=Q 39. Rxa1 Rxa1 40. Qxc3 Ra8 41. Qf3 Ra5 42. Qd3 Rf5 43. Qd8+ Kh7 44. Qd3 Qg6 45. Qc2 Qf6 46. Qd3 g6 47. Qe4 Qb6 48. Qd3 Qc6 49. Qb1 Rd5 50. Qe1 Qd7 51. Qe4 Rd1 52. Qf3 Ra1 53. Be5 Ra6 54. Qf4 Re6 55. Bb2 Qe7 56. Qf3 Qxh4+ 0-1


[Site "https://www.chess.com"]

[Event "Titled Tuesday Blitz May 9 Late 2023"]
[White "Rasulov, Vugar"]
[Black "Seletsky, Grigory"]
[WhiteFideId "13402390"]
[BlackFideId "14112191"]
[WhiteElo "2509"]
[BlackElo "2491"]
[Result "1/2-1/2"]
[Round "01"]
[TimeControl "180+2"]
[Date "2023.05.09"]
[WhiteClock "0:00:12"]
[BlackClock "0:00:25"]

1. e4 c5 2. Nf3 d6 3. Bb5+ Nc6 4. O-O Bd7 5. Re1 a6 6. Bf1 e5 7. c3 Nf6 8. d4 Be7 9. d5 Nb8 10. c4 b5 11. h3 Qc7 12. Nc3 b4 13. Nb1 a5 14. Nbd2 a4 15. Bd3 O-O 16. Nf1 a3 17. b3 Ne8 18. Ng3 g6 19. Bh6 Ng7 20. Qd2 f5 21. exf5 gxf5 22. Bxg7 Kxg7 23. Nh5+ Kh8 24. Qh6 Rf7 25. Ng5 Bxg5 26. Qxg5 Na6 27. Qh4 Qd8 28. Qxd8+ Rxd8 29. f4 e4 30. Bc2 Rg8 31. Re3 Nc7 32. Kh2 Ne8 33. Rg1 Nf6 34. Nxf6 Rxf6 35. Bd1 Rfg6 36. g3 h6 37. Bh5 R6g7 38. Kg2 Be8 39. Be2 Bd7 40. Kf2 Kh7 41. Bd1 Kg6 42. g4 Kf6 43. Reg3 Rg6 44. Ke3 R6g7 45. Be2 Rg6 46. Kf2 R6g7 47. Re3 Rg6 48. Rgg3 R6g7 49. Bd1 Rg6 50. Bc2 R6g7 51. Bd1 Rg6 52. Be2 R6g7 53. Rg2 Rg6 54. Reg3 R6g7 55. Re3 Rg6 56. h4 fxg4 57. Kg3 Bf5 58. h5 R6g7 59. Kh4 g3 60. Bd1 Kf7 61. Be2 Kf6 62. Bd1 Kf7 63. Be2 Kf6 1/2-1/2


[Site "https://www.chess.com"]

[Event "Titled Tuesday Blitz May 9 Late 2023"]
[White "Koutlas, Nikolaos"]
[Black "Makarian, Rudik"]
[WhiteFideId "25827138"]
[BlackFideId "44105681"]
[WhiteElo "2215"]
[BlackElo "2461"]
[Result "0-1"]
[Round "01"]
[TimeControl "180+2"]
[Date "2023.05.09"]
[WhiteClock "0:00:01"]
[BlackClock "0:00:50"]

1. Nf3 Nf6 2. g3 b5 3. Bg2 Bb7 4. O-O e6 5. a4 b4 6. a5 Be7 7. c4 O-O 8. d4 Na6 9. b3 c5 10. Bb2 d5 11. Ne5 Qc7 12. e3 dxc4 13. Bxb7 Qxb7 14. Nxc4 Rfd8 15. Nbd2 Rac8 16. Ne5 cxd4 17. exd4 Nc7 18. Ndc4 Nb5 19. a6 Qa8 20. Rc1 Nd5 21. Qf3 Bf6 22. g4 h6 23. h4 Ndc3 24. Qxa8 Rxa8 25. Kg2 Bxh4 26. Nc6 Rdc8 27. Nxb4 Ne2 28. Rcd1 Rab8 29. Rfe1 Nexd4 30. Bxd4 Nxd4 31. Nd6 Nc2 32. Nxc8 Nxe1+ 33. Rxe1 Rxc8 34. Re4 Be7 35. Nd3 Rc6 36. Ra4 Rb6 37. b4 g5 38. Kf3 f5 39. Nc5 Bxc5 40. bxc5 Rb3+ 41. Ke2 Rc3 42. gxf5 exf5 43. Rb4 Rxc5 44. Rb7 Ra5 45. Rxa7 Ra3 46. Kd2 h5 47. Kc2 h4 48. Kb2 Ra5 49. Kb3 h3 50. Kb4 Ra1 51. Kb5 h2 0-1


[Site "https://www.chess.com"]

[Event "Titled Tuesday Blitz May 9 Late 2023"]
[White "Kozak, Adam"]
[Black "koncheto"]
[WhiteFideId "753246"]
[WhiteElo "2469"]
[BlackElo "2478"]
[Result "1-0"]
[Round "01"]
[TimeControl "180+2"]
[Date "2023.05.09"]
[WhiteClock "0:00:46"]
[BlackClock "0:00:06"]

1. d4 Nf6 2. c4 e6 3. Nc3 c5 4. d5 exd5 5. cxd5 d6 6. e4 g6 7. Nf3 a6 8. a4 Bg4 9. Be2 Bxf3 10. Bxf3 Bg7 11. O-O O-O 12. a5 Nbd7 13. Bf4 Qe7 14. Re1 Ne5 15. Be2 Nfd7 16. h3 f5 17. exf5 Rxf5 18. Bg3 Qf8 19. Bg4 Nxg4 20. hxg4 Rf7 21. Ne4 Be5 22. Bxe5 Nxe5 23. g5 Rf4 24. f3 Qf5 25. Ra3 Rf8 26. Rae3 Nc4 27. R3e2 Nxa5 28. Qa4 b6 29. b4 cxb4 30. Qxb4 Qxd5 31. Qxb6 Nc4 32. Qa7 Ne5 33. Rd2 Qa5 34. Red1 Rxe4 35. fxe4 Nf3+ 36. gxf3 Qxg5+ 37. Kf2 Qh4+ 38. Ke2 Qh2+ 39. Qf2 Qe5 40. Rd3 a5 41. R1d2 a4 42. Rd5 Qc3 43. Qe3 Qc4+ 44. Qd3 Qb4 45. Rxd6 a3 46. Qd5+ Kh8 47. Qd4+ 1-0


[Site "https://www.chess.com"]

[Event "Titled Tuesday Blitz May 9 Late 2023"]
[White "Hirneise, Jens"]
[Black "Ibrahimli, Murad"]
[WhiteFideId "24614734"]
[BlackFideId "13410229"]
[WhiteElo "2345"]
[BlackElo "2364"]
[Result "0-1"]
[Round "01"]
[TimeControl "180+2"]
[Date "2023.05.09"]
[WhiteClock "0:00:27"]
[BlackClock "0:01:19"]

1. d4 Nf6 2. Nf3 c5 3. d5 b5 4. c4 b4 5. a4 d6 6. e3 g6 7. Be2 Bg7 8. O-O O-O 9. b3 e6 10. dxe6 fxe6 11. Ra2 Qe7 12. Nbd2 Bb7 13. Ne1 Nc6 14. Bb2 Rad8 15. Qc2 Na5 16. Nd3 e5 17. Ne1 Bc8 18. e4 Nc6 19. f3 Nh5 20. Nd3 Bh6 21. Rd1 Be3+ 22. Kh1 Qh4 23. Nf1 Bh6 24. Bc1 Bxc1 25. Nxc1 Nd4 26. Qd2 Qf6 27. Qe1 Nf4 28. Bd3 h5 29. Ne3 Be6 30. Bf1 g5 31. Rb2 Rd7 32. Ne2 g4 33. Nxf4 exf4 34. Nd5 Bxd5 35. exd5 Re7 36. Qf2 Rfe8 37. Bd3 Re3 38. fxg4 hxg4 39. Bb1 g3 40. hxg3 Qh6+ 41. Kg1 fxg3 42. Qf1 Re2 43. Rxe2 Qh2# 0-1


[Site "https://www.chess.com"]

[Event "Titled Tuesday Blitz May 9 Late 2023"]
[White "Kramnik, Vladimir"]
[Black "Martic, Ivan"]
[WhiteFideId "4101588"]
[BlackFideId "929301"]
[WhiteElo "2703"]
[BlackElo "2360"]
[Result "1-0"]
[Round "01"]
[TimeControl "180+2"]
[Date "2023.05.09"]
[WhiteClock "0:00:32"]
[BlackClock "0:00:16"]

1. Nf3 Nf6 2. g3 g6 3. Bg2 Bg7 4. O-O O-O 5. d4 d6 6. Nc3 d5 7. Ne5 c6 8. e4 dxe4 9. Nxe4 Nxe4 10. Bxe4 Bh3 11. Re1 Nd7 12. f4 Nf6 13. Bf3 Qb6 14. Be3 Rad8 15. c4 Qb4 16. Qb3 Qxb3 17. axb3 a6 18. Rad1 e6 19. g4 h5 20. gxh5 Nxh5 21. Bxh5 gxh5 22. Kf2 Kh7 23. Rg1 Bf6 24. Rd2 Bf5 25. Nf3 Rd7 26. Ng5+ Kh6 27. h4 Rfd8 28. Rgd1 Kg6 29. Nf3 Bg4 30. Rg1 Kf5 31. Ne5 Bxh4+ 32. Kf1 Bh3+ 33. Ke2 Bg4+ 34. Kd3 Re7 35. Rh2 Bf6 36. Rxg4 Bxe5 37. Rg5+ Kf6 38. fxe5# 1-0


[Site "https://www.chess.com"]

[Event "Titled Tuesday Blitz May 9 Late 2023"]
[White "Goncalves, Davi Sulzbacher"]
[Black "Zhigalko, Sergei"]
[WhiteFideId "2154510"]
[BlackFideId "13502956"]
[WhiteElo "2182"]
[BlackElo "2626"]
[Result "0-1"]
[Round "01"]
[TimeControl "180+2"]
[Date "2023.05.09"]
[WhiteClock "0:01:29"]
[BlackClock "0:02:08"]

1. Nf3 d5 2. d4 e6 3. c4 c6 4. g3 dxc4 5. Bg2 b5 6. O-O Bb7 7. b3 cxb3 8. axb3 Nf6 9. Qc2 Be7 10. Rd1 O-O 11. Ne5 Nd5 12. Bb2 a5 13. Nc3 Nb4 14. Qc1 Nd7 15. Nxb5 Rc8 16. Na3 Nd5 17. Nac4 Bb4 18. e4 N5f6 19. Nxd7 Nxd7 20. Nxa5 Bxa5 0-1


[Site "https://www.chess.com"]